cohdb
Replays
Latest Replays
All Replays
Popular Replays
Top Player Replays
Match Explorer
How It Works
Community
CoH3 Stats
Reddit
Sign in to upload your games and track your stats! →
Sign in with Steam
Match 47133109
Unlisted
Match 47133109
Overview
Messages
Build Orders
End
Construct Infanterie Kompanie
Selects Terror Battlegroup
Selects Machine Gun Camouflage
MG 42 Machine Gun Team
MG 42 Machine Gun Team
MG 42 Machine Gun Team
Construct Panzergrenadier Kompanie
Construct Luftwaffe Kompanie
Jäger Squad
Selects Contempt for the Weak
Support Elements
Wirbelwind Flakpanzer
MG 42 Bunker
Jäger Squad
Selects Propaganda Leaflet Drop
Propaganda Leaflet Drop
Construct Panzer Kompanie
Panzer IV Medium Tank
Stoßtruppen Squad
Selects V1 Rocket Strike
Panzer IV Medium Tank
V1 Rocket Strike
Panzer IV Medium Tank
KoalaImpala
霞沢美游
Tanith's Finest
Cmdte. Canela
Drink||Chouchen
Drink||Karmeliet
Drink||PiconBiere
Drink||Belzebuth
0
0
Comments
sign in to comment!
No comments posted yet!